AoeStats
← Manthasx22

Migration

509502954Analyzed
1v1 RM · 6d ago on Sep 27, 2026· 28m 20s· 2 players
Game mode
Random Map
Map size
132×132
Population
200
Speed
Normal
Resources
Standard
Victory
Conquest
Starting age
Dark Age
Ending age
Imperial Age
RankedLock teamsTeams togetherTeam positionsShared explorationLock speedFull tech treeHidden civsTurbo modeCheats
Victory
Defeat
🇨🇴 Vikings · Colombia
996
+18
🇦🇺 Poles · Australia
1032
-18
Clarkey912
13:27 Feudal Age
11:43 Loom
22:39 Castle Age
21:00 Bloodlines
23:58 Medium Warships
24:57 Scale Barding Armor
25:03 Forging
28:11 Fletching
Manthasx22
9:00 Loom
11:24 Feudal Age
13:39 Double-Bit Axe
19:39 Castle Age
19:33 Forging
22:20 Fletching
Connection lost

Rejoining the realm…

Still unreachable

The connection could not be restored.

Session expired

The server has moved on; the page needs a fresh start.